 Dungeon Crawl Stone Soup version 0.30.1-11-g7821555f0a (webtiles) character file.

Game seed: 17399799878875315876

120 fireball365 the Chopper (level 5, -3/46 HPs)
             Began as a Hill Orc Fighter on Dec 14, 2023.
             Killed by divine providence
             ... invoked by an orc priest
              (15 damage)
             ... on level 3 of the Dungeon.
             The game lasted 00:03:52 (2108 turns).

fireball365 the Chopper (Hill Orc Fighter)          Turns: 2108, Time: 00:03:52

Health: -3/46      AC:  8    Str: 21    XL:     5   Next: 4%
Magic:  5/5        EV:  9    Int:  8    God:
Gold:   48         SH:  4    Dex: 10    Spells: 4/4 levels left

rFire   . . .        a - +0 war axe
rCold   . . .        c - +0 buckler
rNeg    . . .        b - +0 scale mail
rPois   .            (no helmet)
rElec   .            (no cloak)
rCorr   .            (no gloves)
SInv    +            r - +0 pair of boots
Will    .....        (no amulet) Stlth
                     l - ring of see invisible
HPRegen 0.27/turn    (no ring)
MPRegen 0.09/turn

%: no passive effects
@: no status effects
A: no striking features
a: Convert to Beogh


You were on level 3 of the Dungeon.
You visited 1 branch of the dungeon, and saw 3 of its levels.

You collected 48 gold pieces.

Inventory:

Hand Weapons
 a - a +0 war axe (weapon)
Missiles
 e - 2 poisoned darts (quivered)
 g - 2 atropa-tipped darts
 k - 6 boomerangs
Armour
 b - a +0 scale mail (worn)
 c - a +0 buckler (worn)
 o - a +0 plate armour
 r - a +0 pair of boots (worn)
Jewellery
 l - a ring of see invisible (left hand)
Scrolls
 j - 2 scrolls of teleportation
 m - a scroll of poison {unknown}
 n - a scroll of fog {unknown}
 q - a scroll of magic mapping {unknown}
 s - a scroll of noise {unknown}
Potions
 d - a potion of might
 f - a potion of attraction
 h - a potion of magic {unknown}
 i - 3 potions of curing
 p - a potion of haste {unknown}
 t - 3 potions of flight {unknown}


   Skills:
 + Level 4.1 Fighting
 + Level 4.3 Axes
 + Level 4.1 Armour
 + Level 0.6 Dodging
 + Level 4.1 Shields


You had 4 spell levels left.
You didn't know any spells.
Your spell library contained the following spells:

 Spells                   Type           Power      Damage    Failure   Level
 Apportation              Tloc           0%         N/A       80%         1
 Alistair's Intoxication  Tmut/Pois      0%         N/A       100%        5


Dungeon Overview and Level Annotations

Branches:
Dungeon (3/15)

Altars:
Wu Jian

Annotations:
D:3 Jessica


Message History

The orc priest invokes the aid of Beogh against you.
Beogh smites you!
You closely miss the orc priest.
Jessica grins evilly.
Jessica mumbles some strange words.
Jessica seems to speed up.
The orc priest shouts, "Surrender to Beogh and we'll let you live!"
The orc priest hits you with a +0 flail.
Things that are here:
a +0 dagger; a goblin corpse; an adder corpse You slash the orc!
You kill the orc!
You barely miss the orc priest.
The orc priest shouts, "Beogh is our master!
Accept the truth or die!"
You block the orc priest's attack.
You hit the orc.
The orc is almost dead.
You closely miss the orc priest.
The orc priest shouts, "Join the one true god or die!"
Jessica mumbles some strange words.
Jessica blinks!
The orc priest looks satisfied for a moment.
You hit the orc wizard.
The orc wizard is heavily wounded.
You closely miss the orc priest.
The orc priest shouts, "Beogh is our master!
Accept the truth or die!"
The orc priest invokes the aid of Beogh against you.
Pain shoots through your body!
* * * LOW HITPOINT WARNING * * *
The orc priest begins to cast a cantrip, but forgets the words!
You block the orc wizard's attack.
You hit the orc wizard but do no damage.
The orc wizard is heavily wounded.
You hit the orc priest but do no damage.
Jessica gestures wildly while chanting.
Jessica blinks!
The orc wizard hits you but does no damage.
The orc priest mumbles some strange prayers to Beogh against you.
Beogh smites you!
You die...

.####.#.....#
........##### .....####
..#### ## ### ... # ..##
..... ####.$....
###############.@oo.ยง...
...............o####....
################# #


You could see an orc priest, an orc wizard (invisible) and an orc.

Vanquished Creatures
  6 adders
  A worm (D:2)
  3 dart slugs
  An orc (D:3)
  4 bats
  6 endoplasms
  A giant cockroach (D:1)
  8 goblins
  3 jackals (D:2)
  3 quokkas (D:1)
  10 ball pythons
  5 frilled lizards
  4 kobolds
  2 rats
57 creatures vanquished.

Notes
Turn   | Place    | Note
-------+----------+-------------------------------------------
     0 | D:1      | fireball365 the Hill Orc Fighter began the quest for the
                  | Orb.
     0 | D:1      | Reached XP level 1. HP: 19/19 MP: 1/1
   277 | D:1      | Reached XP level 2. HP: 27/27 MP: 2/2
   601 | D:1      | Reached XP level 3. HP: 33/33 MP: 3/3
   950 | D:2      | Found a faded altar of an unknown god.
  1258 | D:2      | Reached XP level 4. HP: 27/40 MP: 4/4
  1358 | D:2      | Found an ornate altar of the Wu Jian Council.
  2095 | D:3      | Noticed Jessica
  2100 | D:3      | Reached XP level 5. HP: 35/46 MP: 5/5
  2108 | D:3      | Killed from afar by an orc priest

Illustrated notes

Levels and vault maps discovered:
D:1:      minmay_arrival_pointy, layout_loops_ring, st_stairs_6
D:2:      layout_loops_ring, basic_altar, shapermc_ecumenical_altar_pompeii,
          minmay_shallow_snake_nest
D:3:      layout_rooms, pdpol_wu_jian_five_deadly_venoms, serial_park_tiny_1,
          chequers_serial_rivers_small_3, uniq_crazy_yiuf_cottage, uniq_jessica

Skill      XL: |  1  2  3  4 |
---------------+-------------+-----
Axes           | 3 4 |  4.3
Fighting       | 4 |  4.1
Armour         | 4 |  4.1
Shields        | 4 |  4.1
Dodging        | |  0.6

Action                     |  1- 3 |  4- 6 || total
---------------------------+-------+-------++-------
  Melee: War axe           |   118 |    59 ||   177
    Use: Scroll            |     3 |       ||     3
 Armour: Scale mail        |    57 |    39 ||    96
  Dodge: Dodged            |    54 |    44 ||    98
  Block: Buckler           |    34 |    21 ||    55
